 Dungeon Crawl Stone Soup version 0.23.2-30-g0e89c35 (webtiles) character file.

Game seed: 2666983246187433372

200 Fang the Skirmisher (level 5, -4/34 HPs)
             Began as a Gargoyle Berserker on June 14, 2019.
             Was a Priest of Trog.
             Slain by a gnoll
             ... wielding a +0 spear
              (7 damage)
             ... on level 3 of the Dungeon.
             The game lasted 00:03:36 (2237 turns).

Fang the Skirmisher (Gargoyle Berserker)            Turns: 2237, Time: 00:03:37

Health: -4/34      AC:  6    Str: 21    XL:     5   Next: 79%
Magic:  5/5        EV:  9    Int:  8    God:    Trog [***...]
Gold:   72         SH:  0    Dex:  9    Spells: 4/4 levels left

rFire    . . .     SeeInvis .   i - +1 hand axe (chop)
rCold    . . .     Gourm    .   (no shield)
rNeg     + . .     Faith    .   b - +0 animal skin
rPois    ∞         Spirit   .   (no helmet)
rElec    +         Reflect  .   (no cloak)
rCorr    .         Harm     .   (no gloves)
MR       .....                  (no boots)
Stlth    +.........             (no amulet)
HPRegen  0.11/turn              (no ring)
MPRegen  0.09/turn              (no ring)

@: berserk cooldown, slowed, constricted, very slow
A: negative energy resistance 1, electricity resistance, unbreathing,
petrification resistance, rot immunity, AC +4
a: Berserk, Trog's Hand, Renounce Religion


You were on level 3 of the Dungeon.
You worshipped Trog.
Trog was most pleased with you.
You were very hungry.

You visited 1 branch of the dungeon, and saw 3 of its levels.

You collected 72 gold pieces.

Inventory:

Hand Weapons
 a - a +0 hand axe
 i - a +1 hand axe of chopping (weapon)
Armour
 b - a +0 animal skin (worn)
Scrolls
 d - 4 scrolls of identify {unknown}
 e - a scroll of enchant weapon {unknown}
 g - a scroll of fear {unknown}
 h - 3 scrolls of remove curse {unknown}
 l - 2 scrolls of blinking {unknown}
 m - a scroll of amnesia {unknown}
Potions
 j - a potion of heal wounds {unknown}
 k - a potion of curing {unknown}
Comestibles
 c - 11 rations
 f - 7 chunks of flesh


   Skills:
 + Level 4.3 Fighting
 + Level 3.7 Axes
 + Level 3.7 Armour
 + Level 2.7 Dodging


You had 4 spell levels left.
You didn't know any spells.
Your spell library was empty.

Dungeon Overview and Level Annotations

Branches:
Dungeon (3/15)

Altars:
Gozag
Kikubaaqudgha
Nemelex Xobeh
Xom

Portals:
Sewer: D:3


Innate Abilities, Weirdness & Mutations

You are resistant to torment.
Your stone body is resilient. (AC +4)
You are immune to poison.
You resist negative energy. (rN+)
You are resistant to electric shocks. (rElec)
You can survive without breathing.
You are immune to petrification.
You are immune to rotting.


Message History

The ball python constricts you.
You escape the ball python's grasp.
An orc wizard comes into view. It is wielding a +0 dagger.
The orc barely misses you. The orc hits you but does no damage.
The giant cockroach closely misses you. The orc wizard misses you.
The orc wizard gestures wildly while chanting.
The orc wizard flickers and vanishes!
Deactivating autopickup; reactivate with Ctrl-A.
You enter the shallow water.
Moving in this stuff is going to be slow.
The leopard gecko hisses angrily.
The giant cockroach closely misses you. The giant cockroach barely misses you.
The ball python closely misses you. The ball python grabs you.
* * * LOW HITPOINT WARNING * * *
The ball python constricts you.
The orc hits you from afar with a +0 trident.
* * * LOW HITPOINT WARNING * * *
The gnoll splashes around in the water.
The gnoll hits you from afar with a +0 spear!
You die...

#.# # #.#####.##
#
######(#.......#
#.#####
#....()).###...$
.......
#.####......##.
######.
.....##..##....
#. #....oo...#..
#.
#.#....Sogs(...<
#.
#.....≈@s...#.#.
#.
###.[≈≈g≈≈l.....
#.
#...≈≈g≈≈..$#.
#.
#....≈≈≈≈≈..## .
## ......≈≈≈...#
# ............#
# .............
..............


You could see an orc wizard, 3 gnolls, 2 orcs, a leopard gecko, 2 giant
cockroaches and a ball python.

Vanquished Creatures
  An orc wizard (D:3)
  Terence (D:3)
  5 gnolls
  3 adders
  A worm (D:3)
  3 dart slugs
  An orc (D:3)
  9 bats
  3 giant cockroaches
  3 goblins
  5 hobgoblins
  7 jackals
  8 kobolds
  2 ball pythons (D:1)
  7 frilled lizards
  11 rats
70 creatures vanquished.

Notes
Turn   | Place    | Note
-------+----------+-------------------------------------------
     0 | D:1      | Fang the Gargoyle Berserker began the quest for the Orb.
     0 | D:1      | Reached XP level 1. HP: 14/14 MP: 1/1
   523 | D:1      | Reached XP level 2. HP: 19/19 MP: 2/2
   972 | D:2      | Reached XP level 3. HP: 21/24 MP: 3/3
  1271 | D:2      | Reached ** piety under Trog
  1440 | D:2      | Reached XP level 4. HP: 24/29 MP: 4/4
  1571 | D:2      | Found a sparkling altar of Nemelex Xobeh.
  1606 | D:2      | Reached skill level 4 in Fighting
  1725 | D:2      | Found a shimmering altar of Xom.
  1726 | D:2      | Found an ancient bone altar of Kikubaaqudgha.
  1806 | D:2      | Found an opulent altar of Gozag.
  2100 | D:3      | Noticed Terence
  2112 | D:3      | Killed Terence
  2112 | D:3      | Reached XP level 5. HP: 22/33 MP: 5/5
  2191 | D:3      | Reached *** piety under Trog
  2231 | D:3      | Found a glowing drain.
  2237 | D:3      | Slain by a gnoll

Skill      XL: |  1  2  3  4 |
---------------+-------------+-----
Axes           | 3 |  3.7
Dodging        | 2 |  2.7
Armour         | 3 |  3.7
Fighting       | 4 |  4.3

Action                   |  1- 3 |  4- 6 || total
-------------------------+-------+-------++-------
Melee: Hand axe          |    96 |    83 ||   179
Invok: Berserk           |     1 |     2 ||     3
  Eat: Chunk             |     3 |     3 ||     6
Armor: Animal skin       |    37 |    25 ||    62
Dodge: Dodged            |    61 |    60 ||   121
